 Dungeon Crawl Stone Soup version 0.22.1-2-g9c5b331 (webtiles) character file.

69 Anon1729 the Slasher (level 4, -10/41 HPs)
             Began as a Hill Orc Monk on Nov 14, 2018.
             Mangled by an ogre
             ... wielding a cursed +0 giant club
              (26 damage)
             ... on level 2 of the Dungeon.
             The game lasted 00:03:34 (1993 turns).

Anon1729 the Slasher (Hill Orc Monk)                Turns: 1993, Time: 00:03:35

Health: -10/41     AC:  7    Str: 14    XL:     4   Next: 20%
Magic:  4/4        EV: 10    Int: 10    God:
Gold:   83         SH:  0    Dex: 13    Spells: 3/3 levels left

rFire    . . .     SeeInvis .   a - +0 falchion
rCold    . . .     Gourm    .   (no shield)
rNeg     . . .     Faith    .   m - +0 scale mail
rPois    .         Spirit   .   l - +1 hat
rElec    .         Reflect  .   (no cloak)
rCorr    +         Harm     .   (no gloves)
MR       .....                  (no boots)
Stlth    ..........             g - amulet of magic regeneration
HPRegen  0.13/turn              n - ring of resist corrosion
MPRegen  0.34/turn              (no ring)

@: no status effects
A: no striking features
a: no special abilities


You were on level 2 of the Dungeon.
You were not hungry.

You visited 1 branch of the dungeon, and saw 2 of its levels.

You collected 83 gold pieces.

Inventory:

Hand Weapons
 a - a +0 falchion (weapon)
Armour
 b - a +0 robe
 l - a +1 hat (worn)
 m - a +0 scale mail (worn)
Jewellery
 g - an amulet of magic regeneration (around neck)
 n - a ring of resist corrosion (left hand)
Scrolls
 h - 2 scrolls of remove curse {unknown}
 j - a scroll of enchant armour {unknown}
 p - a scroll of random uselessness {unknown}
 q - a scroll of enchant weapon {unknown}
 r - a scroll of identify {unknown}
 t - a scroll of amnesia {unknown}
Potions
 d - a potion of mutation {unknown}
 e - a potion of berserk rage {unknown}
 f - a potion of brilliance {unknown}
 i - a potion of heal wounds {unknown}
 k - a potion of agility {unknown}
 o - a potion of degeneration {unknown}
Comestibles
 c - 4 rations
 s - 3 chunks of flesh


   Skills:
 + Level 4.3 Fighting
 + Level 4.4 Long Blades
 + Level 0.7 Armour
 + Level 2.8 Dodging
 + Level 1.5 Stealth


You had 3 spell levels left.
You didn't know any spells.
Your spell library was empty.

Dungeon Overview and Level Annotations

Branches:
Dungeon (2/15)

Altars:
Ashenzari


Message History

The ogre is severely wounded.
The ogre hits you with a giant club!
You are too injured to fight recklessly!
You are too injured to fight recklessly!
You are too injured to fight recklessly!
You are too injured to fight recklessly!
You are too injured to fight recklessly!
You are too injured to fight recklessly!
You are too injured to fight recklessly!
You are too injured to fight recklessly!
You are too injured to fight recklessly!
You are too injured to fight recklessly!
You are too injured to fight recklessly!
You are too injured to fight recklessly!
You are too injured to fight recklessly!
You hit the ogre.
The ogre is severely wounded.
The ogre hits you with a giant club!!
Ouch! That really hurt!
You die...

#......#...#.......##...##.#
+......#...#..#.##'#.......#
#..........#.####..#.......#
#..........#..#.#.##........
#####..........#.##..).####.....
...............#.#....## ##....
...............#.#..#..#####....
..........O#####.########.......
.#.........###.@................
...##.........O###..##..........
.................#..#...........
...............#.#..#...รท.......
.......####..................#>#
..........................###...
...##.................####......
#.......................'......
.........#.....#+....###......


You could see an ogre.

Vanquished Creatures
  A gnoll (D:1)
  2 adders
  A worm (D:2)
  2 leopard geckos (D:2)
  2 giant cockroaches (D:1)
  3 goblins (D:1)
  4 hobgoblins
  8 kobolds
  A quokka (D:2)
  7 bats (D:1)
  3 frilled lizards (D:1)
  6 rats
40 creatures vanquished.

Notes
Turn   | Place    | Note
-------+----------+-------------------------------------------
     0 | D:1      | Anon1729 the Hill Orc Monk began the quest for the Orb.
     0 | D:1      | Reached XP level 1. HP: 19/19 MP: 1/1
   372 | D:1      | Reached XP level 2. HP: 27/27 MP: 2/2
   634 | D:1      | Found a shattered altar of Ashenzari.
   718 | D:1      | Reached XP level 3. HP: 30/33 MP: 3/3
  1192 | D:2      | Noticed an ogre
  1632 | D:1      | Reached XP level 4. HP: 19/40 MP: 4/4
  1993 | D:2      | Mangled by an ogre

Skill      XL: |  1  2  3 |
---------------+----------+-----
Fighting       | 4 |  4.3
Long Blades    | 4 |  4.4
Armour         | |  0.7
Dodging        | |  2.8
Stealth        | |  1.5

Action                   |  1- 3 |  4- 6 || total
-------------------------+-------+-------++-------
Melee: Falchion          |   120 |    28 ||   148
  Eat: Chunk             |     2 |     2 ||     4
Armor: Robe              |     6 |       ||     6
       Scale mail        |    46 |     4 ||    50
Dodge: Dodged            |    81 |    16 ||    97
       Rpst.: Falchion   |    16 |     6 ||    22
